 Dungeon Crawl Stone Soup version 0.25-a0-663-gace7076f2c (webtiles) character file.

Game seed: 15667507428381603287, levelgen mode: deterministic

235 n0claF the Chopper (level 6, 0/55 HPs)
             Began as a Hill Orc Fighter on Mar 25, 2020.
             Slain by a jackal (1 damage)
             ... on level 3 of the Dungeon.
             The game lasted 00:05:47 (1560 turns).

n0claF the Chopper (Hill Orc Fighter)               Turns: 1560, Time: 00:05:48

Health: 0/55       AC: -6    Str: 21    XL:     6   Next: 5%
Magic:  6/6        EV:  7    Int:  8    God:
Gold:   110        SH:  9    Dex: 10    Spells: 5/5 levels left

rFire    . . .     SeeInvis .   a - +0 war axe
rCold    . . .     Gourm    .   c - +0 kite shield
rNeg     . . .     Faith    .   b - +0 scale mail
rPois    .         Spirit   .   (no helmet)
rElec    .         Reflect  .   (no cloak)
rCorr    .         Harm     .   f - +1 pair of gloves
MR       .....                  (no boots)
Stlth    ..........             (no amulet)
HPRegen  0.18/turn              (no ring)
MPRegen  0.10/turn              (no ring)

@: corroded
A: no striking features
a: no special abilities


You were on level 3 of the Dungeon.
You were hungry.

You visited 1 branch of the dungeon, and saw 4 of its levels.

You collected 110 gold pieces.

Inventory:

Hand Weapons
 a - a +0 war axe (weapon)
Missiles
 s - 2 throwing nets (quivered) {!f}
Armour
 b - a +0 scale mail (worn)
 c - a +0 kite shield (worn)
 f - a +1 pair of gloves (worn)
   (You found it on level 1 of the Dungeon)
 h - a +0 helmet
   (You took it off Robin on level 4 of the Dungeon)
 j - a +0 plate armour
   (You found it on level 1 of the Dungeon)
Jewellery
 q - an uncursed amulet of guardian spirit {unknown}
   (You found it on level 2 of the Dungeon)
Scrolls
 g - a scroll of blinking {unknown}
 i - 2 scrolls of identify {unknown}
 k - a scroll of enchant weapon {unknown}
 l - 2 scrolls of amnesia {unknown}
 p - a scroll of enchant armour {unknown}
 t - a scroll of fear {unknown}
 u - a scroll of remove curse {unknown}
Potions
 d - a potion of might
 m - a potion of magic {unknown}
 n - 3 potions of curing {unknown}
 o - a potion of lignification {unknown}
 r - 2 potions of ambrosia {unknown}
Comestibles
 e - 3 rations {!d}


   Skills:
 + Level 4.8 Fighting
 * Level 5.4 Axes
 + Level 4.3 Armour
 + Level 4.3 Shields


You had 5 spell levels left.
You didn't know any spells.
Your spell library was empty.

Dungeon Overview and Level Annotations

Branches:
Dungeon (4/15)
 Temple: D:4-7

Altars:
Ashenzari
Dithmenos
Hepliaklqana
Kikubaaqudgha
Ru
Trog

Shops:
D:4 (?

Annotations:
D:4 1 runed translucent door


Message History

You kill the jackal!
You closely miss the jackal.
Your shield and scale mail prevent you from hitting the orc.
You closely miss the orc. x2; You slash the jelly!
The acid corrodes you!
Your hands burn!
You block the jackal's attack. The orc closely misses you.
The orc hits you with a +0 short sword. The jelly hits you but does no damage.
You block the orc's attack. The jackal bites you.
You hit the jelly but do no damage. The acid corrodes you!
Your hands burn!
You closely miss the jackal. You closely miss the orc.
Your shield prevents you from hitting the orc.
You barely miss the orc. The jelly barely misses you.
You block the orc's attack. x2; You block the jackal's attack.
The orc hits you but does no damage. The orc barely misses you.
You block the jelly's attack.
You hit the jelly but do no damage. The acid corrodes you!
Your hands burn!
You slash the orc!
You kill the orc!
You barely miss the orc. You hit the orc but do no damage.
Your shield and scale mail prevent you from hitting the jackal.
You block the jackal's attack. You block the orc's attack.
The jackal closely misses you. The orc hits you with a +0 short sword.
You block the jelly's attack. The orc hits you with a +0 flail.
You hit the jelly but do no damage.
Your hands burn!
You closely miss the orc. x2
You closely miss the jackal. The jackal bites you.
* * * LOW HITPOINT WARNING * * *
The orc barely misses you. The jelly barely misses you. The jackal bites you.
* * * LOW HITPOINT WARNING * * *
The orc completely misses you. The jelly hits you.
* * * LOW HITPOINT WARNING * * *
The acid corrodes you!
You are splashed with acid.
* * * LOW HITPOINT WARNING * * *
The orc hits you with a +0 short sword.
* * * LOW HITPOINT WARNING * * *
Your shield and scale mail prevent you from hitting the orc.
You hit the jelly.
Your hands burn!
* * * LOW HITPOINT WARNING * * *
You barely miss the jackal. You hit the orc but do no damage.
The jackal barely misses you. You block the jackal's attack.
The jelly hits you.
* * * LOW HITPOINT WARNING * * *
You are splashed with acid.
* * * LOW HITPOINT WARNING * * *
The orc hits you but does no damage. You block the orc's attack.
You barely miss the orc. You hit the jelly but do no damage.
Your hands burn!
* * * LOW HITPOINT WARNING * * *
You closely miss the jackal.
Your shield and scale mail prevent you from hitting the orc.
You block the jackal's attack. You block the jelly's attack.
You block the orc's attack. The orc closely misses you. The jackal bites you.
You die...

#.......#
#.......##
#........##
#....%....#
#.........#
#.........#
#..)oo....#
####...@h....#
.......J.....#
....!........#
.............#
...#.........#
#. #.........#
# #.........#
##.......##
##.....##


You could see a jelly, 2 orcs and a jackal.

Vanquished Creatures
  Natasha (twice) (D:2)
  Robin (D:4)
  3 gnolls (D:4)
  3 adders (D:2)
  2 oozes
  2 worms (D:2)
  4 dart slugs
  5 leopard geckos
  5 orcs
  3 bat zombies (D:2)
  3 giant cockroaches (D:2)
  14 goblins
  8 hobgoblins
  8 jackals
  11 kobolds (D:2)
  A quokka (D:2)
  3 ball pythons
  A frilled lizard (D:1)
  2 rats
  2 rat zombies (D:2)
83 creatures vanquished.

Notes
Turn   | Place    | Note
-------+----------+-------------------------------------------
     0 | D:1      | n0claF the Hill Orc Fighter began the quest for the Orb.
     0 | D:1      | Reached XP level 1. HP: 19/19 MP: 1/1
    91 | D:1      | Reached skill level 3 in Axes
   113 | D:1      | Reached XP level 2. HP: 25/27 MP: 2/2
   294 | D:1      | Reached XP level 3. HP: 26/33 MP: 3/3
   558 | D:2      | Reached skill level 4 in Axes
   558 | D:2      | Reached XP level 4. HP: 27/40 MP: 4/4
   753 | D:2      | Found a sacrificial altar of Ru.
   753 | D:2      | Found a hazy altar of Hepliaklqana.
   876 | D:2      | Found a shattered altar of Ashenzari.
   877 | D:2      | Noticed Natasha
   891 | D:2      | Killed Natasha
   891 | D:2      | Reached XP level 5. HP: 47/47 MP: 5/5
  1006 | D:2      | Found a bloodstained altar of Trog.
  1025 | D:2      | Found a shadowy altar of Dithmenos.
  1050 | D:2      | Noticed Natasha
  1059 | D:2      | Killed Natasha
  1086 | D:2      | Reached skill level 5 in Axes
  1173 | D:2      | Found an ancient bone altar of Kikubaaqudgha.
  1203 | D:3      | You fall into a shaft and drop 1 floor!
  1203 | D:4      | Found Asowniw's Weapon Shoppe.
  1207 | D:4      | Noticed Robin
  1219 | D:4      | Killed Robin
  1232 | D:4      | Reached XP level 6. HP: 4/55 MP: 6/6
  1527 | D:4      | Noticed a phantom
  1535 | D:4      | Found Luebaz's Magic Scroll Emporium.
  1537 | D:4      | Found a runed translucent door.
  1560 | D:3      | HP: 1/55 [acid (3)]
  1560 | D:3      | Slain by a jackal

Levels and vault maps discovered:
D:1:      scummos_arrival_checkerplants, layout_rooms, hangedman_decor_growths
D:2:      layout_rooms, lemuel_zombie_altar_kikubaaqudgha,
          gammafunk_temple_overflow_wave, grunt_temple_overflow_open,
          first_ration, evilmike_ruin_ashenzari, uniq_natasha
D:3:      minmay_recursive_quarters, layout_rooms, gammafunk_ghost_grave
D:4:      layout_cave_pools, nemelex_xobeh_ov_fountains_minmay,
          lemuel_blue_sif_altar, ebering_ghost_sewer_f, serial_shops,
          kennysheep_mini_moat, shop, shop, shop, shop, serial_bayou_pond_b,
          uniq_robin, uniq_pikel

Skill      XL: |  1  2  3  4  5 |
---------------+----------------+-----
Axes           | 3 4 5 |  5.4
Fighting       | 4 |  4.8
Armour         | 4 |  4.3
Shields        | 4 |  4.3

Action                   |  1- 3 |  4- 6 || total
-------------------------+-------+-------++-------
Melee: War axe           |   101 |   111 ||   212
  Eat: Chunk             |       |     2 ||     2
Armor: Scale mail        |    51 |    70 ||   121
Dodge: Dodged            |    29 |    45 ||    74
Block: Kite shield       |    63 |    92 ||   155

Table legend:
 A = Non-vault XP
 B = Vault XP
 C = Vault XP percentage of total XP
 D = Non-vault monster count
 E = Vault monster count
 F = Vault count percentage of total count
                 A         B        C        D         E       F
            +---------+---------+-------+---------+---------+-------
      Total |     258 |      78 |  23.2 |      66 |      17 |  20.5
            +---------+---------+-------+---------+---------+-------
        D:1 |      47 |       0 |   0.0 |      20 |       0 |   0.0
        D:2 |     147 |      43 |  22.6 |      35 |       6 |  14.6
        D:3 |       7 |       0 |   0.0 |       3 |       0 |   0.0
        D:4 |      57 |      35 |  38.0 |       8 |      11 |  57.9
            +---------+---------+-------+---------+---------+-------
